Staline vs Icehogs
Created - 11 avril 2013 at 22:31
Goals
|
| Staline |
0 |
0 |
0 |
0 |
| Icehogs |
2 |
4 |
1 |
7 |
|
Shots
|
| Staline |
4 |
18 |
17 |
39 |
| Icehogs |
8 |
17 |
12 |
37 |
|
1st period
1. Icehogs , Paul Ranger 8 (Jason King, Brett Sterling) at 3:00
2. Icehogs , Stanislav Chistov 25 (Nikolai Kulemin, Vladimir Mihalik) at 18:13
Penalties :
Matt Generous (StJ) for Roughing (Minor) at 5:51, Paul Ranger (Roc) for Tripping (Minor) at 16:15, Robert Dome (StJ) for Interference (Minor) at 16:38
2nd period
3. Icehogs , Stanislav Chistov 26 (Nikolai Kulemin, Milan Jurcina) at 2:38
4. Icehogs , B.J. Crombeen 46 (Gilbert Brule) at 11:54
5. Icehogs , Brett Sterling 5 (Jason King, Paul Ranger) at 12:28
6. Icehogs , Gilbert Brule 35 (Ryan Parent) at 13:44
Penalties :
Paul Ranger (Roc) for Roughing (Minor) at 9:33, Brett Sterling (Roc) for Fighting (Major) at 14:42, T.J. Fast (StJ) for Fighting (Major) at 14:42, Paul Ranger (Roc) for Fighting (Major) at 17:17, Chris Dingman (StJ) for Fighting (Major) at 17:17
3rd period
7. Icehogs , Ville Nieminen 15 (Brett Sterling) at 17:19 (SH)
Penalties :
Brett Sterling (Roc) for Boarding (Minor) at 0:58, Josh Green (StJ) for Hooking (Minor) at 0:58, B.J. Crombeen (Roc) for Fighting (Major) at 17:08, Yan Stastny (StJ) for Fighting (Major) at 17:08, Paul Ranger (Roc) for Fighting (Major) at 17:11, Mark Stuart (StJ) for Fighting (Major) at 17:11, Paul Ranger (Roc) for instigated a fight (Minor) at 17:11, Paul Ranger (Roc) for instigated a fight (10 Minutes Misconduct) at 17:11
Goalie Stats
Erik Ersberg (StJ), 16 saves from 19 shots - (0,842), 28:06 minutes
Tobias Stephan (StJ), 14 saves from 18 shots - (0,778), L, 4-3-0, 31:54 minutes
José Theodore (Roc), 39 saves from 39 shots - (1,000), W, 26-19-4, 60:00 minutes
Players Stats for Staline
Player Name G A P +/- PIM S H SB GA TA FO MP PP MP PK MP
------------------------------------------------------------------------------------
Alexandre Daigle 0 0 0 -4 0 2 2 0 0 1 1/2 23:47 2:30 1:17
Brandon Prust 0 0 0 0 0 1 0 1 0 0 0/0 8:27 0:00 0:27
Brock Trotter 0 0 0 0 0 0 0 0 0 0 0/0 0:41 0:00 0:27
Cam Janssen 0 0 0 -1 0 0 2 0 0 1 0/1 10:52 0:23 0:00
Chris Dingman 0 0 0 -4 5 7 1 0 3 0 2/5 21:34 2:30 1:17
Chris Vande Velde 0 0 0 0 0 0 0 0 0 0 0/0 0:00 0:00 0:00
Devin Setoguchi 0 0 0 -1 0 2 1 1 0 0 1/1 15:36 1:51 0:00
Eric Hunter 0 0 0 0 0 0 0 0 0 0 1/3 7:10 0:00 0:00
Greg Zanon 0 0 0 -4 0 6 3 2 0 2 0/0 29:33 2:55 1:09
J.T. Wyman 0 0 0 0 0 2 0 1 0 0 0/0 7:10 0:00 0:00
Jean-François Jacques 0 0 0 0 0 0 0 0 0 0 0/0 0:00 0:00 0:00
Josh Green 0 0 0 -3 2 3 1 0 1 0 2/3 13:49 0:46 0:00
Mark Stuart 0 0 0 -2 5 1 0 0 3 1 0/0 24:46 1:33 1:09
Matt Generous 0 0 0 -1 2 0 0 1 1 0 0/0 12:43 1:22 0:00
Maxime Fortunus 0 0 0 -3 0 2 0 2 1 0 0/0 19:52 1:26 1:13
Mike Sauer 0 0 0 0 0 0 0 1 0 1 0/0 10:29 0:00 0:00
Nathan Smith 0 0 0 -1 0 0 2 1 0 0 7/16 16:01 1:51 0:00
Nick Palmieri 0 0 0 0 0 0 0 0 0 0 0/0 0:00 0:00 0:00
Raymond Sawada 0 0 0 0 0 0 0 0 0 0 0/0 0:00 0:00 0:00
Robby Dee 0 0 0 0 0 0 0 0 0 0 0/0 0:00 0:00 0:00
Robert Dome 0 0 0 -1 2 5 1 0 1 0 2/2 17:03 1:50 0:38
Simon Danis-Pepin 0 0 0 -1 0 0 0 0 0 0 0/0 4:14 0:00 0:00
T.J. Fast 0 0 0 -3 5 0 3 1 0 1 0/0 18:25 1:26 1:13
Tomas Kana 0 0 0 -1 0 0 0 0 0 0 2/4 9:48 0:00 0:00
Yan Stastny 0 0 0 -4 5 8 1 0 0 0 17/36 22:00 1:21 0:38
Players Stats for Icehogs
Player Name G A P +/- PIM S H SB GA TA FO MP PP MP PK MP
------------------------------------------------------------------------------------
B.J. Crombeen 1 0 1 2 5 6 3 0 0 1 5/6 21:15 1:25 1:30
Brett Sterling 1 2 3 3 7 4 0 0 0 0 2/3 13:03 0:00 1:37
Chris Mueller 0 0 0 2 0 1 2 0 0 0 2/5 11:29 0:00 0:00
Dylan Hunter 0 0 0 0 0 0 2 0 0 0 1/2 8:58 0:00 0:40
Gilbert Brule 1 1 2 2 0 2 1 0 0 1 22/42 18:37 1:02 0:54
Jason King 0 2 2 2 0 2 1 0 1 0 0/0 12:54 0:00 0:00
Josh Hennessy 0 0 0 1 0 4 3 1 0 0 5/11 15:32 0:57 0:25
Karl Alzner 0 0 0 1 0 0 1 2 0 2 0/0 16:50 0:23 0:04
Milan Jurcina 0 1 1 1 0 0 1 0 1 0 0/0 19:09 0:59 1:32
Nikolai Kulemin 0 2 2 2 0 4 5 1 0 1 0/0 16:22 0:57 0:39
Paul Ranger 1 1 2 4 26 2 1 0 1 0 0/0 22:23 1:23 0:00
Ryan Parent 0 1 1 6 0 2 3 2 1 2 0/0 29:31 1:23 2:49
Ryan Shannon 0 0 0 0 0 1 0 0 1 1 0/1 8:03 0:00 0:00
Shane Sims 0 0 0 1 0 0 0 0 0 1 0/0 14:05 0:00 2:45
Stanislav Chistov 2 0 2 2 0 4 0 0 2 0 1/2 16:22 0:57 0:39
Travis Moen 0 0 0 0 0 1 1 0 0 0 0/0 6:30 0:00 0:00
Ville Nieminen 1 0 1 3 0 4 3 1 0 0 0/1 22:16 1:25 2:18
Vladimir Mihalik 0 1 1 1 0 0 3 3 0 1 0/0 18:39 0:59 1:32
3 Stars
1 - José Theodore (Roc)
2 - Stanislav Chistov (Roc)
3 - Ryan Parent (Roc)
Power Play
Staline - 0 on 3 Attempt(s) - 0,00%
Icehogs - 0 on 2 Attempt(s) - 0,00%
Penalty Kill
Staline - 2 on 2 Attempt(s) - 100,00%
- Score 0 goal in Penalty Kill
Icehogs - 3 on 3 Attempt(s) - 100,00%
- Score 1 goal in Penalty Kill
Official
Referees : Walsh Ian and Kimmerly Greg
Linesman : Pierre Racicot and Lonnie Cameron
Game Notes
Erik Ersberg enters game at 11:54 of 2nd period
T.J. Fast beats up Brett Sterling at 14:42 of 2nd period
Paul Ranger and Chris Dingman fight to a draw at 17:17 of 2nd period
B.J. Crombeen and Yan Stastny fight to a draw at 17:08 of 3rd period
Paul Ranger beats up Mark Stuart at 17:11 of 3rd period
Staline
5 vs 5 Forward
Center Left Wing Right Wing Time % Phy DF OF
1 Yan Stastny Chris Dingman Alexandre Daigle 40 1 2 2
2 Nathan Smith Robert Dome Devin Setoguchi 30 1 2 2
3 Tomas Kana Josh Green Cam Janssen 20 1 2 2
4 Eric Hunter Brandon Prust J.T. Wyman 10 1 2 2
5 vs 5 Defense
Defense Defense Time % Phy DF OF
1 Greg Zanon Mark Stuart 40 1 2 2
2 T.J. Fast Maxime Fortunus 30 1 2 2
3 Matt Generous Mike Sauer 20 1 2 2
4 Simon Danis-Pepin Greg Zanon 10 1 2 2
PowerPlay Forward
Center Left Wing Right Wing Time % Phy DF OF
1 Yan Stastny Chris Dingman Alexandre Daigle 60 1 2 2
2 Nathan Smith Robert Dome Devin Setoguchi 40 1 2 2
PowerPlay Defense
Defense Defense Time % Phy DF OF
1 Greg Zanon Mark Stuart 60 1 2 2
2 T.J. Fast Maxime Fortunus 40 1 2 2
Penalty Kill 4 Players Forward
Center Wing Time % Phy DF OF
1 Chris Dingman Alexandre Daigle 60 1 2 2
2 Robert Dome Yan Stastny 40 1 2 2
Penalty Kill 4 Players Defense
Defense Defense Time % Phy DF OF
1 Greg Zanon Mark Stuart 60 1 2 2
2 T.J. Fast Maxime Fortunus 40 1 2 2
Penalty Kill - 3 Players Forward
Forward Time % Phy DF OF
1 Chris Dingman 60 1 2 2
2 Alexandre Daigle 40 1 2 2
Penalty Kill - 3 Players Defense
Defense Defense Time % Phy DF OF
1 Greg Zanon Mark Stuart 60 1 2 2
2 T.J. Fast Maxime Fortunus 40 1 2 2
4 vs 4 Forward
Center Wing Time % Phy DF OF
1 Chris Dingman Alexandre Daigle 60 1 2 2
2 Robert Dome Yan Stastny 40 1 2 2
4 vs 4 Defense
Defense Defense Time % Phy DF OF
1 Greg Zanon Mark Stuart 60 1 2 2
2 T.J. Fast Maxime Fortunus 40 1 2 2
Last Minutes Offensive
Center Left Wing Right Wing Defense Defense
Yan Stastny Chris Dingman Alexandre Daigle Greg Zanon Mark Stuart
Last Minutes Defensive
Center Left Wing Right Wing Defense Defense
Yan Stastny Chris Dingman Alexandre Daigle Greg Zanon Mark Stuart
Goaltenders
Starting : Tobias Stephan
Backup : Erik Ersberg
Extra Forwards
Normal : Josh Green, Cam Janssen, Brandon Prust - PP : Josh Green, Cam Janssen - PK : Brandon Prust
Extra Defensemen
Normal : Matt Generous, Mike Sauer, Simon Danis-Pepin - PP : Matt Generous - PK : Mike Sauer, Simon Danis-Pepin
Penalty Shots
Chris Dingman, Alexandre Daigle, Robert Dome, Yan Stastny, Devin Setoguchi
Icehogs
5 vs 5 Forward
Center Left Wing Right Wing Time % Phy DF OF
1 Gilbert Brule Ville Nieminen B.J. Crombeen 40 1 2 2
2 Josh Hennessy Nikolai Kulemin Stanislav Chistov 30 1 2 2
3 Chris Mueller Brett Sterling Jason King 20 1 2 2
4 Dylan Hunter Travis Moen Ryan Shannon 10 1 2 2
5 vs 5 Defense
Defense Defense Time % Phy DF OF
1 Paul Ranger Ryan Parent 40 1 2 2
2 Vladimir Mihalik Milan Jurcina 30 1 2 2
3 Karl Alzner Shane Sims 20 1 2 2
4 Paul Ranger Ryan Parent 10 1 2 2
PowerPlay Forward
Center Left Wing Right Wing Time % Phy DF OF
1 Gilbert Brule Ville Nieminen B.J. Crombeen 60 1 2 2
2 Josh Hennessy Nikolai Kulemin Stanislav Chistov 40 1 2 2
PowerPlay Defense
Defense Defense Time % Phy DF OF
1 Paul Ranger Ryan Parent 60 1 2 2
2 Vladimir Mihalik Milan Jurcina 40 1 2 2
Penalty Kill 4 Players Forward
Center Wing Time % Phy DF OF
1 B.J. Crombeen Ville Nieminen 60 1 2 2
2 Stanislav Chistov Nikolai Kulemin 40 1 2 2
Penalty Kill 4 Players Defense
Defense Defense Time % Phy DF OF
1 Paul Ranger Ryan Parent 60 1 2 2
2 Vladimir Mihalik Milan Jurcina 40 1 2 2
Penalty Kill - 3 Players Forward
Forward Time % Phy DF OF
1 B.J. Crombeen 60 1 2 2
2 Ville Nieminen 40 1 2 2
Penalty Kill - 3 Players Defense
Defense Defense Time % Phy DF OF
1 Paul Ranger Ryan Parent 60 1 2 2
2 Vladimir Mihalik Milan Jurcina 40 1 2 2
4 vs 4 Forward
Center Wing Time % Phy DF OF
1 B.J. Crombeen Ville Nieminen 60 1 2 2
2 Stanislav Chistov Nikolai Kulemin 40 1 2 2
4 vs 4 Defense
Defense Defense Time % Phy DF OF
1 Paul Ranger Ryan Parent 60 1 2 2
2 Vladimir Mihalik Milan Jurcina 40 1 2 2
Last Minutes Offensive
Center Left Wing Right Wing Defense Defense
Gilbert Brule Ville Nieminen B.J. Crombeen Paul Ranger Ryan Parent
Last Minutes Defensive
Center Left Wing Right Wing Defense Defense
Gilbert Brule Ville Nieminen B.J. Crombeen Paul Ranger Ryan Parent
Goaltenders
Starting : José Theodore
Backup : Jeff Deslauriers
Extra Forwards
Normal : Jason King, Ryan Shannon, Brett Sterling - PP : Jason King, Ryan Shannon - PK : Brett Sterling
Extra Defensemen
Normal : Karl Alzner, Shane Sims, Vladimir Mihalik - PP : Karl Alzner - PK : Shane Sims, Vladimir Mihalik
Penalty Shots
B.J. Crombeen, Ville Nieminen, Stanislav Chistov, Nikolai Kulemin, Gilbert Brule
% Time on Ice - Staline
Lines # - Real PCT - Wanted PCT - Time Play
Normal Forward
1 - 37% - 40% - 18:19
2 - 29% - 30% - 14:25
3 - 20% - 20% - 9:48
4 - 14% - 10% - 7:10
Normal Defense
1 - 41% - 40% - 20:30
2 - 32% - 30% - 15:47
3 - 20% - 20% - 9:59
4 - 7% - 10% - 3:26
PP Forward
1 - 57% - 60% - 2:30
2 - 43% - 40% - 1:51
PP Defense
1 - 67% - 60% - 2:55
2 - 33% - 40% - 1:26
PK Forward
1 - 73% - 60% - 1:44
2 - 27% - 40% - 0:38
PK Defense
1 - 49% - 60% - 1:09
2 - 51% - 40% - 1:13
PK3 Forward
1 - 0% - 60%
2 - 0% - 40%
PK3 Defense
1 - 0% - 60%
2 - 0% - 40%
44 Forward
1 - 69% - 60% - 2:29
2 - 31% - 40% - 1:06
44 Defense
1 - 55% - 60% - 1:58
2 - 45% - 40% - 1:37
Last Minute Offensive - 0:00
Last Minute Defensive - 0:00
Total
Forward - 60:00
Defense - 60:00
|
% Time on Ice - Icehogs
Lines # - Real PCT - Wanted PCT - Time Play
Normal Forward
1 - 37% - 40% - 18:16
2 - 27% - 30% - 13:27
3 - 23% - 20% - 11:29
4 - 13% - 10% - 6:30
Normal Defense
1 - 41% - 40% - 20:16
2 - 30% - 30% - 15:01
3 - 22% - 20% - 11:08
4 - 7% - 10% - 3:17
PP Forward
1 - 60% - 60% - 1:25
2 - 40% - 40% - 0:57
PP Defense
1 - 58% - 60% - 1:23
2 - 42% - 40% - 0:59
PK Forward
1 - 85% - 60% - 3:42
2 - 15% - 40% - 0:39
PK Defense
1 - 65% - 60% - 2:49
2 - 35% - 40% - 1:32
PK3 Forward
1 - 0% - 60%
2 - 0% - 40%
PK3 Defense
1 - 0% - 60%
2 - 0% - 40%
44 Forward
1 - 63% - 60% - 2:16
2 - 37% - 40% - 1:19
44 Defense
1 - 69% - 60% - 2:29
2 - 31% - 40% - 1:06
Last Minute Offensive - 0:00
Last Minute Defensive - 0:00
Total
Forward - 60:00
Defense - 60:00
|
Play by Play
1st period
0:01 of 1st period - Gilbert Brule wins face-off versus Yan Stastny in neutral zone.
0:03 of 1st period - Off-side.
0:04 of 1st period - Gilbert Brule wins face-off versus Yan Stastny in neutral zone.
0:32 of 1st period - Wrist shot by Josh Hennessy.
0:32 of 1st period - Stopped by Tobias Stephan with a rebound.
3:00 of 1st period - Backhand shot by Paul Ranger.
3:00 of 1st period - Goal by Paul Ranger - Staline : 0 - Icehogs : 1.
3:01 of 1st period - Yan Stastny wins face-off versus Gilbert Brule in neutral zone.
3:12 of 1st period - Snap shot by Chris Dingman.
3:12 of 1st period - Shot Misses the Net.
4:28 of 1st period - Slapshot by Josh Hennessy.
4:28 of 1st period - Shot Blocked by Mike Sauer.
5:18 of 1st period - Slapshot by Mark Stuart.
5:18 of 1st period - Shot Misses the Net.
5:32 of 1st period - Mark Stuart is hit by B.J. Crombeen and loses puck.
5:43 of 1st period - Ville Nieminen is hit by Greg Zanon and loses puck.
5:51 of 1st period - Minor Penalty to Matt Generous for Roughing.
5:52 of 1st period - Chris Dingman wins face-off versus Gilbert Brule in Staline zone.
6:10 of 1st period - Alexandre Daigle is hit by Ville Nieminen and loses puck.
6:25 of 1st period - Yan Stastny is hit by Nikolai Kulemin and loses puck.
7:51 of 1st period - Penalty to Matt Generous is over, Matt Generous is back on ice.
8:03 of 1st period - Cam Janssen is hit by Ryan Parent and loses puck.
8:28 of 1st period - Wrist shot by Dylan Hunter.
8:28 of 1st period - Shot Blocked by Nathan Smith.
8:40 of 1st period - Greg Zanon is hit by Chris Mueller and loses puck.
9:00 of 1st period - Chris Dingman is hit by B.J. Crombeen.
9:15 of 1st period - Cam Janssen is hit by Travis Moen and loses puck.
9:55 of 1st period - Snap shot by Chris Dingman.
9:55 of 1st period - Shot Misses the Net.
10:01 of 1st period - Snap shot by Chris Dingman.
10:01 of 1st period - Deflect By Alexandre Daigle.
10:01 of 1st period - Shot Misses the Net.
10:01 of 1st period - Puck is out of play.
10:02 of 1st period - Chris Mueller wins face-off versus Yan Stastny in Icehogs zone.
10:51 of 1st period - Snap shot by Gilbert Brule.
10:51 of 1st period - Shot Misses the Net.
10:53 of 1st period - Wrist shot by Ville Nieminen.
10:53 of 1st period - Stopped by Tobias Stephan without a rebound.
10:54 of 1st period - Yan Stastny wins face-off versus Josh Hennessy in Staline zone.
11:19 of 1st period - Maxime Fortunus is hit by Ville Nieminen and loses puck.
11:50 of 1st period - Slapshot by Paul Ranger.
11:50 of 1st period - Shot Misses the Net.
12:21 of 1st period - Greg Zanon is hit by Vladimir Mihalik and loses puck.
12:30 of 1st period - Snap shot by Josh Green.
12:30 of 1st period - Stopped by José Theodore without a rebound.
12:31 of 1st period - Gilbert Brule wins face-off versus Nathan Smith in Icehogs zone.
12:31 of 1st period - Gilbert Brule is hit by Nathan Smith.
13:01 of 1st period - Snap shot by Nikolai Kulemin.
13:01 of 1st period - Stopped by Tobias Stephan without a rebound.
13:02 of 1st period - Tomas Kana wins face-off versus Josh Hennessy in Staline zone.
13:02 of 1st period - Tomas Kana is hit by Karl Alzner.
13:48 of 1st period - Icing by Paul Ranger.
13:49 of 1st period - Dylan Hunter wins face-off versus Nathan Smith in Icehogs zone.
14:05 of 1st period - Icing by Robert Dome.
14:06 of 1st period - Nathan Smith wins face-off versus Gilbert Brule in Staline zone.
14:13 of 1st period - Snap shot by Devin Setoguchi.
14:13 of 1st period - Stopped by José Theodore without a rebound.
14:14 of 1st period - Yan Stastny wins face-off versus Gilbert Brule in Icehogs zone.
14:23 of 1st period - Wrist shot by Chris Dingman.
14:23 of 1st period - Stopped by José Theodore with a rebound.
15:43 of 1st period - Wrist shot by Travis Moen.
15:43 of 1st period - Stopped by Tobias Stephan without a rebound.
15:44 of 1st period - Gilbert Brule wins face-off versus Yan Stastny in Staline zone.
16:02 of 1st period - Icing by Paul Ranger.
16:03 of 1st period - Gilbert Brule wins face-off versus Nathan Smith in Icehogs zone.
16:15 of 1st period - Minor Penalty to Paul Ranger for Tripping.
16:16 of 1st period - Chris Dingman wins face-off versus B.J. Crombeen in Icehogs zone.
16:38 of 1st period - Minor Penalty to Robert Dome for Interference.
16:39 of 1st period - B.J. Crombeen wins face-off versus Chris Dingman in Staline zone.
16:40 of 1st period - Snap shot by Ville Nieminen.
16:40 of 1st period - Shot Misses the Net.
16:42 of 1st period - Slapshot by Karl Alzner.
16:42 of 1st period - Shot Misses the Net.
16:52 of 1st period - Snap shot by Ville Nieminen.
16:52 of 1st period - Stopped by Tobias Stephan with a rebound.
16:54 of 1st period - Slapshot by Karl Alzner.
16:54 of 1st period - Shot Misses the Net.
17:04 of 1st period - B.J. Crombeen is hit by Alexandre Daigle and loses puck.
17:26 of 1st period - Off-side.
17:27 of 1st period - Josh Green wins face-off versus Stanislav Chistov in neutral zone.
17:42 of 1st period - Josh Green is hit by Nikolai Kulemin and loses puck.
18:13 of 1st period - Slapshot by Stanislav Chistov.
18:13 of 1st period - Goal by Stanislav Chistov - Staline : 0 - Icehogs : 2.
18:14 of 1st period - B.J. Crombeen wins face-off versus Chris Dingman in neutral zone.
18:15 of 1st period - Penalty to Paul Ranger is over, Paul Ranger is back on ice.
18:29 of 1st period - Wrist shot by Paul Ranger.
18:29 of 1st period - Deflect By B.J. Crombeen.
18:29 of 1st period - Stopped by Tobias Stephan with a rebound.
18:38 of 1st period - Penalty to Robert Dome is over, Robert Dome is back on ice.
18:41 of 1st period - Ville Nieminen is hit by Greg Zanon and loses puck.
18:48 of 1st period - Slapshot by Robert Dome.
18:48 of 1st period - Stopped by José Theodore without a rebound.
18:49 of 1st period - Josh Hennessy wins face-off versus Nathan Smith in Icehogs zone.
19:20 of 1st period - Vladimir Mihalik is hit by Devin Setoguchi.
2nd period
0:01 of 2nd period - Gilbert Brule wins face-off versus Yan Stastny in neutral zone.
0:04 of 2nd period - Wrist shot by Paul Ranger.
0:04 of 2nd period - Stopped by Tobias Stephan without a rebound.
0:05 of 2nd period - Gilbert Brule wins face-off versus Chris Dingman in Staline zone.
0:12 of 2nd period - Alexandre Daigle is hit by Ville Nieminen and loses puck.
0:33 of 2nd period - Slapshot by Greg Zanon.
0:33 of 2nd period - Deflect By Ryan Parent.
0:33 of 2nd period - Stopped by José Theodore without a rebound.
0:34 of 2nd period - Devin Setoguchi wins face-off versus Josh Hennessy in Icehogs zone.
0:35 of 2nd period - Wrist shot by Robert Dome.
0:35 of 2nd period - Shot Blocked by Nikolai Kulemin.
0:49 of 2nd period - Snap shot by Josh Hennessy.
0:49 of 2nd period - Stopped by Tobias Stephan without a rebound.
0:50 of 2nd period - Gilbert Brule wins face-off versus Yan Stastny in Staline zone.
1:04 of 2nd period - Wrist shot by B.J. Crombeen.
1:04 of 2nd period - Stopped by Tobias Stephan without a rebound.
1:05 of 2nd period - Nathan Smith wins face-off versus Josh Hennessy in Staline zone.
1:18 of 2nd period - Slapshot by Greg Zanon.
1:18 of 2nd period - Stopped by José Theodore with a rebound.
2:15 of 2nd period - Snap shot by Josh Hennessy.
2:15 of 2nd period - Deflect By Stanislav Chistov.
2:15 of 2nd period - Stopped by Tobias Stephan without a rebound.
2:16 of 2nd period - Yan Stastny wins face-off versus Josh Hennessy in Staline zone.
2:24 of 2nd period - Snap shot by Alexandre Daigle.
2:24 of 2nd period - Shot Misses the Net.
2:38 of 2nd period - Snap shot by Stanislav Chistov.
2:38 of 2nd period - Goal by Stanislav Chistov - Staline : 0 - Icehogs : 3.
2:39 of 2nd period - Yan Stastny wins face-off versus Gilbert Brule in neutral zone.
2:42 of 2nd period - Slapshot by Chris Dingman.
2:42 of 2nd period - Shot Misses the Net.
2:48 of 2nd period - Maxime Fortunus is hit by Gilbert Brule and loses puck.
3:36 of 2nd period - Snap shot by Chris Dingman.
3:36 of 2nd period - Stopped by José Theodore without a rebound.
3:37 of 2nd period - Nathan Smith wins face-off versus Gilbert Brule in Icehogs zone.
3:44 of 2nd period - Wrist shot by Gilbert Brule.
3:44 of 2nd period - Deflect By Maxime Fortunus.
3:44 of 2nd period - Shot Blocked by Devin Setoguchi.
3:44 of 2nd period - Puck is out of play.
3:45 of 2nd period - Gilbert Brule wins face-off versus Nathan Smith in Staline zone.
3:56 of 2nd period - Slapshot by B.J. Crombeen.
3:56 of 2nd period - Stopped by Tobias Stephan without a rebound.
3:57 of 2nd period - Nathan Smith wins face-off versus Ville Nieminen in Staline zone.
4:26 of 2nd period - Snap shot by Greg Zanon.
4:26 of 2nd period - Deflect By Josh Green.
4:26 of 2nd period - Stopped by José Theodore with a rebound.
4:28 of 2nd period - Slapshot by Mark Stuart.
4:28 of 2nd period - Shot Misses the Net.
4:30 of 2nd period - Slapshot by Greg Zanon.
4:30 of 2nd period - Stopped by José Theodore with a rebound.
4:32 of 2nd period - Snap shot by Mark Stuart.
4:32 of 2nd period - Shot Misses the Net.
5:08 of 2nd period - Snap shot by J.T. Wyman.
5:08 of 2nd period - Shot Misses the Net.
5:20 of 2nd period - Dylan Hunter is hit by T.J. Fast and loses puck.
6:12 of 2nd period - Vladimir Mihalik is hit by Alexandre Daigle and loses puck.
6:50 of 2nd period - Snap shot by Robert Dome.
6:50 of 2nd period - Deflect By Devin Setoguchi.
6:50 of 2nd period - Stopped by José Theodore without a rebound.
6:51 of 2nd period - Yan Stastny wins face-off versus Gilbert Brule in Icehogs zone.
6:54 of 2nd period - Snap shot by Chris Dingman.
6:54 of 2nd period - Shot Misses the Net.
7:00 of 2nd period - Mark Stuart is hit by Ryan Parent.
7:04 of 2nd period - Slapshot by B.J. Crombeen.
7:04 of 2nd period - Shot Misses the Net.
7:06 of 2nd period - Snap shot by Ryan Parent.
7:06 of 2nd period - Stopped by Tobias Stephan with a rebound.
7:40 of 2nd period - Yan Stastny is hit by Nikolai Kulemin and loses puck.
7:45 of 2nd period - Snap shot by Stanislav Chistov.
7:45 of 2nd period - Shot Misses the Net.
8:01 of 2nd period - Slapshot by Greg Zanon.
8:01 of 2nd period - Shot Blocked by Karl Alzner.
8:49 of 2nd period - Slapshot by Maxime Fortunus.
8:49 of 2nd period - Stopped by José Theodore with a rebound.
8:52 of 2nd period - Icing by Ryan Parent.
8:53 of 2nd period - Josh Hennessy wins face-off versus Nathan Smith in Icehogs zone.
9:09 of 2nd period - Off-side.
9:10 of 2nd period - Gilbert Brule wins face-off versus Tomas Kana in neutral zone.
9:13 of 2nd period - Mike Sauer is hit by Paul Ranger and loses puck.
9:33 of 2nd period - Minor Penalty to Paul Ranger for Roughing.
9:34 of 2nd period - B.J. Crombeen wins face-off versus Yan Stastny in Icehogs zone.
9:34 of 2nd period - B.J. Crombeen is hit by Chris Dingman.
9:46 of 2nd period - Slapshot by Mark Stuart.
9:46 of 2nd period - Stopped by José Theodore with a rebound.
9:48 of 2nd period - Slapshot by Mark Stuart.
9:48 of 2nd period - Shot Misses the Net.
9:50 of 2nd period - Wrist shot by Yan Stastny.
9:50 of 2nd period - Stopped by José Theodore with a rebound.
10:50 of 2nd period - Icing by Chris Dingman.
10:51 of 2nd period - B.J. Crombeen wins face-off versus Yan Stastny in Staline zone.
11:18 of 2nd period - Slapshot by Greg Zanon.
11:18 of 2nd period - Stopped by José Theodore without a rebound.
11:19 of 2nd period - Stanislav Chistov wins face-off versus Nathan Smith in Icehogs zone.
11:33 of 2nd period - Penalty to Paul Ranger is over, Paul Ranger is back on ice.
11:48 of 2nd period - Slapshot by Brett Sterling.
11:48 of 2nd period - Stopped by Tobias Stephan with a rebound.
11:50 of 2nd period - Slapshot by Milan Jurcina.
11:50 of 2nd period - Shot Blocked by Greg Zanon.
11:52 of 2nd period - Wrist shot by Jason King.
11:52 of 2nd period - Stopped by Tobias Stephan without a rebound.
11:53 of 2nd period - Gilbert Brule wins face-off versus Yan Stastny in Staline zone.
11:54 of 2nd period - Slapshot by B.J. Crombeen.
11:54 of 2nd period - Goal by B.J. Crombeen - Staline : 0 - Icehogs : 4.
11:54 of 2nd period - Erik Ersberg enters game.
11:55 of 2nd period - Gilbert Brule wins face-off versus Yan Stastny in neutral zone.
11:58 of 2nd period - Slapshot by B.J. Crombeen.
11:58 of 2nd period - Stopped by Erik Ersberg with a rebound.
12:08 of 2nd period - Wrist shot by Ville Nieminen.
12:08 of 2nd period - Stopped by Erik Ersberg with a rebound.
12:10 of 2nd period - Slapshot by B.J. Crombeen.
12:10 of 2nd period - Stopped by Erik Ersberg with a rebound.
12:26 of 2nd period - Snap shot by Brett Sterling.
12:26 of 2nd period - Stopped by Erik Ersberg with a rebound.
12:28 of 2nd period - Snap shot by Brett Sterling.
12:28 of 2nd period - Goal by Brett Sterling - Staline : 0 - Icehogs : 5.
12:29 of 2nd period - Nathan Smith wins face-off versus Gilbert Brule in neutral zone.
12:53 of 2nd period - Icing by Maxime Fortunus.
12:54 of 2nd period - Robert Dome wins face-off versus Josh Hennessy in Staline zone.
12:54 of 2nd period - Robert Dome is hit by Milan Jurcina.
13:04 of 2nd period - Wrist shot by Stanislav Chistov.
13:04 of 2nd period - Shot Blocked by Maxime Fortunus.
13:08 of 2nd period - Wrist shot by Stanislav Chistov.
13:08 of 2nd period - Stopped by Erik Ersberg with a rebound.
13:44 of 2nd period - Wrist shot by Gilbert Brule.
13:44 of 2nd period - Goal by Gilbert Brule - Staline : 0 - Icehogs : 6.
13:45 of 2nd period - Gilbert Brule wins face-off versus Nathan Smith in neutral zone.
13:54 of 2nd period - Snap shot by Robert Dome.
13:54 of 2nd period - Stopped by José Theodore without a rebound.
13:55 of 2nd period - Nathan Smith wins face-off versus Gilbert Brule in Icehogs zone.
13:58 of 2nd period - Backhand shot by Robert Dome.
13:58 of 2nd period - Stopped by José Theodore without a rebound.
13:59 of 2nd period - Yan Stastny wins face-off versus Gilbert Brule in Icehogs zone.
14:42 of 2nd period - T.J. Fast beats up Brett Sterling.
14:42 of 2nd period - Penalty to Brett Sterling for Fighting.
14:42 of 2nd period - Penalty to T.J. Fast for Fighting.
14:43 of 2nd period - Yan Stastny wins face-off versus Gilbert Brule in neutral zone.
14:54 of 2nd period - Wrist shot by Alexandre Daigle.
14:54 of 2nd period - Shot Blocked by Vladimir Mihalik.
14:56 of 2nd period - Slapshot by Chris Dingman.
14:56 of 2nd period - Stopped by José Theodore without a rebound.
14:57 of 2nd period - Gilbert Brule wins face-off versus Yan Stastny in Icehogs zone.
14:57 of 2nd period - Gilbert Brule is hit by Yan Stastny.
15:11 of 2nd period - Wrist shot by Chris Dingman.
15:11 of 2nd period - Shot Misses the Net.
16:37 of 2nd period - Snap shot by Chris Dingman.
16:37 of 2nd period - Stopped by José Theodore with a rebound.
16:49 of 2nd period - Devin Setoguchi is hit by Dylan Hunter.
16:57 of 2nd period - Shane Sims is hit by Robert Dome.
17:14 of 2nd period - Icing by Jason King.
17:15 of 2nd period - Yan Stastny wins face-off versus Chris Mueller in Icehogs zone.
17:16 of 2nd period - Wrist shot by Chris Dingman.
17:16 of 2nd period - Stopped by José Theodore without a rebound.
17:17 of 2nd period - Gilbert Brule wins face-off versus Yan Stastny in Icehogs zone.
17:17 of 2nd period - Paul Ranger and Chris Dingman fight to a draw.
17:17 of 2nd period - Penalty to Paul Ranger for Fighting.
17:17 of 2nd period - Penalty to Chris Dingman for Fighting.
17:18 of 2nd period - Yan Stastny wins face-off versus Gilbert Brule in Icehogs zone.
17:52 of 2nd period - Slapshot by Robert Dome.
17:52 of 2nd period - Stopped by José Theodore without a rebound.
17:53 of 2nd period - Gilbert Brule wins face-off versus Yan Stastny in Icehogs zone.
18:18 of 2nd period - Milan Jurcina is hit by Nathan Smith and loses puck.
18:31 of 2nd period - Snap shot by Devin Setoguchi.
18:31 of 2nd period - Deflect By Stanislav Chistov.
18:31 of 2nd period - Shot Blocked by Josh Hennessy.
18:31 of 2nd period - Puck is out of play.
18:32 of 2nd period - Gilbert Brule wins face-off versus Eric Hunter in Icehogs zone.
18:45 of 2nd period - Snap shot by B.J. Crombeen.
18:45 of 2nd period - Shot Blocked by Greg Zanon.
18:47 of 2nd period - Wrist shot by Gilbert Brule.
18:47 of 2nd period - Shot Misses the Net.
19:03 of 2nd period - Snap shot by Josh Green.
19:03 of 2nd period - Stopped by José Theodore without a rebound.
19:04 of 2nd period - Yan Stastny wins face-off versus Gilbert Brule in Icehogs zone.
19:34 of 2nd period - Slapshot by Greg Zanon.
19:34 of 2nd period - Stopped by José Theodore with a rebound.
19:54 of 2nd period - Wrist shot by Jason King.
19:54 of 2nd period - Shot Misses the Net.
19:56 of 2nd period - Wrist shot by Jason King.
19:56 of 2nd period - Deflect By Brett Sterling.
19:56 of 2nd period - Shot Blocked by Brandon Prust.
19:56 of 2nd period - Puck is out of play.
19:57 of 2nd period - Gilbert Brule wins face-off versus Yan Stastny in Staline zone.
3rd period
0:01 of 3rd period - Yan Stastny wins face-off versus Gilbert Brule in neutral zone.
0:10 of 3rd period - B.J. Crombeen is hit by Josh Green and loses puck.
0:52 of 3rd period - Wrist shot by Brett Sterling.
0:52 of 3rd period - Deflect By Jason King.
0:52 of 3rd period - Deflect By Maxime Fortunus.
0:52 of 3rd period - Shot Blocked by J.T. Wyman.
0:52 of 3rd period - Puck is out of play.
0:53 of 3rd period - Yan Stastny wins face-off versus Chris Mueller in Staline zone.
0:53 of 3rd period - Yan Stastny is hit by Chris Mueller.
0:58 of 3rd period - Minor Penalty to Brett Sterling for Boarding.
0:58 of 3rd period - Minor Penalty to Josh Green for Hooking.
0:59 of 3rd period - B.J. Crombeen wins face-off versus Cam Janssen in neutral zone.
1:12 of 3rd period - Snap shot by Alexandre Daigle.
1:12 of 3rd period - Stopped by José Theodore with a rebound.
2:17 of 3rd period - Penalty to Paul Ranger is over, Paul Ranger is back on ice.
2:17 of 3rd period - Penalty to Chris Dingman is over, Chris Dingman is back on ice.
2:42 of 3rd period - Alexandre Daigle is hit by B.J. Crombeen and loses puck.
2:55 of 3rd period - Wrist shot by Yan Stastny.
2:55 of 3rd period - Stopped by José Theodore without a rebound.
2:56 of 3rd period - Robert Dome wins face-off versus Ryan Shannon in Icehogs zone.
2:57 of 3rd period - Snap shot by Yan Stastny.
2:57 of 3rd period - Stopped by José Theodore with a rebound.
2:58 of 3rd period - Penalty to Brett Sterling is over, Brett Sterling is back on ice.
2:58 of 3rd period - Penalty to Josh Green is over, Josh Green is back on ice.
3:11 of 3rd period - Slapshot by Josh Green.
3:11 of 3rd period - Shot Blocked by Vladimir Mihalik.
3:30 of 3rd period - Wrist shot by Ryan Shannon.
3:30 of 3rd period - Shot Misses the Net.
3:32 of 3rd period - Wrist shot by Ryan Shannon.
3:32 of 3rd period - Stopped by Erik Ersberg without a rebound.
3:33 of 3rd period - Josh Hennessy wins face-off versus Eric Hunter in Staline zone.
3:38 of 3rd period - Snap shot by Nikolai Kulemin.
3:38 of 3rd period - Shot Hit the Post.
3:58 of 3rd period - Maxime Fortunus is hit by Ryan Parent.
4:02 of 3rd period - Snap shot by Cam Janssen.
4:02 of 3rd period - Shot Blocked by Ryan Parent.
4:16 of 3rd period - Snap shot by Ryan Parent.
4:16 of 3rd period - Stopped by Erik Ersberg with a rebound.
4:18 of 3rd period - Slapshot by Ryan Parent.
4:18 of 3rd period - Deflect By Jason King.
4:18 of 3rd period - Stopped by Erik Ersberg without a rebound.
4:19 of 3rd period - Chris Mueller wins face-off versus Nathan Smith in Staline zone.
5:08 of 3rd period - Slapshot by Nikolai Kulemin.
5:08 of 3rd period - Shot Blocked by Maxime Fortunus.
5:10 of 3rd period - Slapshot by Josh Hennessy.
5:10 of 3rd period - Shot Blocked by T.J. Fast.
5:12 of 3rd period - Wrist shot by Nikolai Kulemin.
5:12 of 3rd period - Stopped by Erik Ersberg without a rebound.
5:13 of 3rd period - Nathan Smith wins face-off versus Gilbert Brule in Staline zone.
6:09 of 3rd period - Wrist shot by J.T. Wyman.
6:09 of 3rd period - Stopped by José Theodore with a rebound.
6:11 of 3rd period - Snap shot by Brandon Prust.
6:11 of 3rd period - Deflect By Eric Hunter.
6:11 of 3rd period - Shot Misses the Net.
6:11 of 3rd period - Puck is out of play.
6:12 of 3rd period - Yan Stastny wins face-off versus Gilbert Brule in Icehogs zone.
6:21 of 3rd period - Snap shot by Alexandre Daigle.
6:21 of 3rd period - Shot Blocked by Ville Nieminen.
6:23 of 3rd period - Wrist shot by Yan Stastny.
6:23 of 3rd period - Stopped by José Theodore without a rebound.
6:24 of 3rd period - Gilbert Brule wins face-off versus Yan Stastny in Icehogs zone.
6:58 of 3rd period - Mark Stuart is hit by Josh Hennessy and loses puck.
7:13 of 3rd period - Greg Zanon is hit by Jason King and loses puck.
7:58 of 3rd period - Slapshot by Yan Stastny.
7:58 of 3rd period - Stopped by José Theodore with a rebound.
8:00 of 3rd period - Slapshot by Greg Zanon.
8:00 of 3rd period - Deflect By Gilbert Brule.
8:00 of 3rd period - Stopped by José Theodore without a rebound.
8:01 of 3rd period - Josh Hennessy wins face-off versus Yan Stastny in Icehogs zone.
8:10 of 3rd period - Wrist shot by Nikolai Kulemin.
8:10 of 3rd period - Stopped by Erik Ersberg with a rebound.
8:12 of 3rd period - Snap shot by Josh Hennessy.
8:12 of 3rd period - Stopped by Erik Ersberg with a rebound.
8:26 of 3rd period - Ville Nieminen is hit by Cam Janssen and loses puck.
9:11 of 3rd period - Wrist shot by Chris Dingman.
9:11 of 3rd period - Stopped by José Theodore without a rebound.
9:12 of 3rd period - Yan Stastny wins face-off versus Dylan Hunter in Icehogs zone.
9:22 of 3rd period - Off-side.
9:23 of 3rd period - Gilbert Brule wins face-off versus Yan Stastny in neutral zone.
9:34 of 3rd period - Slapshot by Chris Dingman.
9:34 of 3rd period - Stopped by José Theodore with a rebound.
9:36 of 3rd period - Snap shot by Maxime Fortunus.
9:36 of 3rd period - Stopped by José Theodore with a rebound.
9:38 of 3rd period - Wrist shot by Yan Stastny.
9:38 of 3rd period - Stopped by José Theodore with a rebound.
9:53 of 3rd period - Wrist shot by Josh Hennessy.
9:53 of 3rd period - Stopped by Erik Ersberg with a rebound.
9:59 of 3rd period - Snap shot by Nikolai Kulemin.
9:59 of 3rd period - Stopped by Erik Ersberg without a rebound.
10:00 of 3rd period - Gilbert Brule wins face-off versus Yan Stastny in Staline zone.
10:03 of 3rd period - Snap shot by Gilbert Brule.
10:03 of 3rd period - Stopped by Erik Ersberg without a rebound.
10:04 of 3rd period - Alexandre Daigle wins face-off versus Gilbert Brule in Staline zone.
10:09 of 3rd period - Slapshot by Greg Zanon.
10:09 of 3rd period - Shot Blocked by Karl Alzner.
10:39 of 3rd period - Robert Dome is hit by Josh Hennessy and loses puck.
11:35 of 3rd period - Travis Moen is hit by T.J. Fast and loses puck.
11:53 of 3rd period - Maxime Fortunus is hit by Nikolai Kulemin.
12:03 of 3rd period - Mike Sauer is hit by Nikolai Kulemin and loses puck.
12:38 of 3rd period - Snap shot by Chris Dingman.
12:38 of 3rd period - Shot Misses the Net.
12:56 of 3rd period - Ryan Parent is hit by T.J. Fast and loses puck.
13:40 of 3rd period - Snap shot by Brett Sterling.
13:40 of 3rd period - Stopped by Erik Ersberg without a rebound.
13:41 of 3rd period - Tomas Kana wins face-off versus Brett Sterling in Staline zone.
13:52 of 3rd period - Chris Mueller is hit by Cam Janssen and loses puck.
14:13 of 3rd period - Wrist shot by Matt Generous.
14:13 of 3rd period - Shot Misses the Net.
14:23 of 3rd period - Snap shot by Karl Alzner.
14:23 of 3rd period - Shot Blocked by Matt Generous.
14:32 of 3rd period - Icing by Jason King.
14:33 of 3rd period - Yan Stastny wins face-off versus Chris Mueller in Icehogs zone.
14:48 of 3rd period - Snap shot by Alexandre Daigle.
14:48 of 3rd period - Stopped by José Theodore with a rebound.
14:54 of 3rd period - Wrist shot by Chris Mueller.
14:54 of 3rd period - Stopped by Erik Ersberg with a rebound.
14:56 of 3rd period - Snap shot by Chris Mueller.
14:56 of 3rd period - Shot Misses the Net.
15:16 of 3rd period - Snap shot by Brett Sterling.
15:16 of 3rd period - Shot Misses the Net.
15:32 of 3rd period - Wrist shot by Robert Dome.
15:32 of 3rd period - Stopped by José Theodore without a rebound.
15:33 of 3rd period - Yan Stastny wins face-off versus Gilbert Brule in Icehogs zone.
15:44 of 3rd period - Snap shot by Yan Stastny.
15:44 of 3rd period - Stopped by José Theodore with a rebound.
15:46 of 3rd period - Snap shot by Chris Dingman.
15:46 of 3rd period - Shot Misses the Net.
15:48 of 3rd period - Wrist shot by Yan Stastny.
15:48 of 3rd period - Stopped by José Theodore without a rebound.
15:49 of 3rd period - Josh Hennessy wins face-off versus Tomas Kana in Icehogs zone.
16:14 of 3rd period - Mark Stuart is hit by Dylan Hunter and loses puck.
16:37 of 3rd period - Snap shot by J.T. Wyman.
16:37 of 3rd period - Deflect By Brandon Prust.
16:37 of 3rd period - Shot Blocked by Vladimir Mihalik.
16:37 of 3rd period - Puck is out of play.
16:38 of 3rd period - Eric Hunter wins face-off versus Gilbert Brule in Icehogs zone.
16:45 of 3rd period - Wrist shot by J.T. Wyman.
16:45 of 3rd period - Stopped by José Theodore with a rebound.
16:47 of 3rd period - Slapshot by Matt Generous.
16:47 of 3rd period - Shot Misses the Net.
16:49 of 3rd period - Wrist shot by Brandon Prust.
16:49 of 3rd period - Stopped by José Theodore without a rebound.
16:50 of 3rd period - Gilbert Brule wins face-off versus Yan Stastny in Icehogs zone.
17:08 of 3rd period - B.J. Crombeen and Yan Stastny fight to a draw.
17:08 of 3rd period - Penalty to B.J. Crombeen for Fighting.
17:08 of 3rd period - Penalty to Yan Stastny for Fighting.
17:09 of 3rd period - Josh Green wins face-off versus Gilbert Brule in Staline zone.
17:11 of 3rd period - Paul Ranger beats up Mark Stuart.
17:11 of 3rd period - Penalty to Paul Ranger for Fighting.
17:11 of 3rd period - Penalty to Mark Stuart for Fighting.
17:11 of 3rd period - Penalty to Paul Ranger for instigated a fight.
17:11 of 3rd period - Penalty to Paul Ranger for instigated a fight.
17:12 of 3rd period - Brett Sterling wins face-off versus Alexandre Daigle in Staline zone.
17:17 of 3rd period - Snap shot by Brett Sterling.
17:17 of 3rd period - Shot Misses the Net.
17:19 of 3rd period - Wrist shot by Ville Nieminen.
17:19 of 3rd period - Goal by Ville Nieminen - Staline : 0 - Icehogs : 7.
17:20 of 3rd period - Brett Sterling wins face-off versus Josh Green in neutral zone.
17:33 of 3rd period - Slapshot by Matt Generous.
17:33 of 3rd period - Shot Misses the Net.
17:35 of 3rd period - Snap shot by Josh Green.
17:35 of 3rd period - Shot Blocked by Ryan Parent.
17:59 of 3rd period - Devin Setoguchi is hit by Vladimir Mihalik and loses puck.
19:11 of 3rd period - Penalty to Paul Ranger is over, Jason King is send on ice.
19:19 of 3rd period - Josh Hennessy is hit by Greg Zanon.
19:28 of 3rd period - Eric Hunter is hit by Vladimir Mihalik and loses puck.
19:54 of 3rd period - J.T. Wyman is hit by Josh Hennessy.
Output by the SimonT Hockey Simulator (STHS) for François Prévost -- Original Page W3C XHTML 1.0 Valid